 Dungeon Crawl Stone Soup version 0.29.0-4-gdea44cf6ec (webtiles) character file.

Game seed: 1494999208951780192

459 qw the Cleaver (level 6, -9/52 HPs)
             Began as a Minotaur Berserker on Sept 9, 2022.
             Was a Priest of Trog.
             Killed by divine providence
             ... invoked by an orc priest
              (12 damage)
             ... on level 6 of the Dungeon.
             The game lasted 00:01:15 (3609 turns).

qw the Cleaver (Minotaur Berserker)                 Turns: 3609, Time: 00:01:15

Health: -9/52      AC:  8    Str: 24    XL:     6   Next: 78%
Magic:  5/5        EV:  6    Int:  4    God:    Trog [***...]
Gold:   192        SH:  8    Dex:  9    Spells: 5/5 levels left

rFire   . . .      SeeInvis +   Y - +2 hand axe
rCold   . . .      Faith    .   b - +0 kite shield
rNeg    . . .      Spirit   .   p - +0 chain mail
rPois   .          Reflect  .   (helmet restricted)
rElec   .          Harm     .   (no cloak)
rCorr   .          Rampage  .   (no gloves)
Will    .....                   (no boots)
Stlth   ..........              (no amulet)
HPRegen 0.17/turn               d - +4 ring of protection
MPRegen 0.09/turn               i - ring of see invisible

@: corroded, on berserk cooldown, slowed, very slow
A: horns 2, retaliatory headbutt
a: Renounce Religion, Berserk, Trog's Hand


You were on level 6 of the Dungeon.
You worshipped Trog.
Trog was most pleased with you.
You visited 1 branch of the dungeon, and saw 5 of its levels.

You collected 192 gold pieces.


Innate Abilities, Weirdness & Mutations

You have a pair of horns on your head.
You reflexively headbutt those who attack you in melee.


   Skills:
 - Level 4.0 Fighting
 - Level 8.3 Axes
 - Level 2.4 Armour
 - Level 2.1 Dodging
 + Level 3.5 Shields


You had 5 spell levels left.
You didn't know any spells.
Your spell library was empty.

Inventory:

Hand Weapons
 e - a +0 whip
 Y - a +2 hand axe (weapon)
Missiles
 a - 3 boomerangs (quivered)
Armour
 b - a +0 kite shield (worn)
 p - a +0 chain mail (worn)
Jewellery
 d - a +4 ring of protection (left hand)
 i - a ring of see invisible (right hand)
Scrolls
 h - a scroll of identify
 k - a scroll of teleportation
Potions
 c - a potion of degeneration {unknown}
 f - a potion of heal wounds {unknown}
 j - a potion of flight {unknown}
 l - a potion of attraction {unknown}
 m - a potion of haste {unknown}
 n - a potion of invisibility {unknown}
 o - a potion of curing

Dungeon Overview and Level Annotations

Branches:
Dungeon (6/15)
 Temple: D:4-7

Altars:

Annotations:
D:2 1 runed translucent door, Crazy Yiuf


Message History

The orc warrior shouts!
You slash the jelly! The acid corrodes you!
Your hands burn!
The jelly is heavily wounded.
You slash the jelly!
You kill the jelly!
Trog accepts your kill.
Found a pair of boots.
You feel a strong urge to attack something.
You block the orc warrior's attack.
An orc comes into view. It is wielding a +0 whip.
You block the ice beast's attack.
You barely miss the ice beast.
The orc shouts!
You hit the orc priest.
You are no longer berserk.
You are exhausted.
You feel yourself slow down.
You closely miss the orc priest.
The orc priest is lightly wounded.
You barely miss the ice beast. The ice beast completely misses you.
You furiously retaliate!
You headbutt the ice beast.
An orc comes into view. It is wielding a +0 dagger.
You block the orc warrior's attack. The orc priest barely misses you.
You furiously retaliate!
You headbutt the orc priest! The orc priest hits you with a +0 club.
The ice beast hits you. The ice beast freezes you!
An orc priest comes into view. It is wielding a +0 flail.
The orc warrior hits you from afar with a +0 trident!
You hit the orc priest but do no damage.
The orc priest is heavily wounded.
You hit the ice beast but do no damage.
The orc priest casts a cantrip, but nothing happens.
The ice beast closely misses you. You furiously retaliate!
You headbutt the ice beast, but do no damage.
The orc warrior hits you from afar with a +0 trident!
The orc priest hits you but does no damage.
The orc priest mumbles some strange prayers to Beogh against you.
Beogh smites you!
You die...

##.. .... ##....... ...#
##. ............o.o
##... #..#......o...
#....##..#..$.......
#....###....##o.....
#....##....#Y......
#....##....@o...... ##
###...#).......#...
.#####.#............#
....#...#.).<..........
........................
......####..#...........
...........###..........
....#...##.. ...........
...................##..


You could see an orc warrior, an ice beast, 2 orc priests and 2 orcs.

Vanquished Creatures
  Sigmund (D:2)
  An ogre (D:6)
  A hound (D:6)
  A jelly (D:6)
  6 adders
  A worm (D:2)
  3 dart slugs
  2 orcs
  7 bats
  9 endoplasms
  15 giant cockroaches
  5 goblins
  9 hobgoblins
  3 jackals (D:1)
  3 kobolds
  5 quokkas
  7 ball pythons
  5 frilled lizards
  7 rats
91 creatures vanquished.

Notes
Turn   | Place    | Note
-------+----------+-------------------------------------------
     0 | D:1      | qw the Minotaur Berserker began the quest for the Orb.
     0 | D:1      | Reached XP level 1. HP: 19/19 MP: 0/0
     0 | D:1      | 0 ||| qw: Version: 0.1-a-113-g051387a
     0 | D:1      | 0 ||| qw: Game counter: 7078
     0 | D:1      | 0 ||| qw: Always use a shield: true
     0 | D:1      | 0 ||| qw: Do Orc after D:15 true
     0 | D:1      | 0 ||| qw: Do second Lair branch before Depths: true
     0 | D:1      | 0 ||| qw: Lair rune preference: random
     0 | D:1      | 0 ||| qw: Plans: Normal
     0 | D:1      | 0 ||| PLANNING D:1-11
    45 | D:1      | 45 ||| INVOKING Berserk.
    49 | D:1      | Reached skill level 4 in Axes
   255 | D:1      | 255 ||| Stepping ~*~*~tactically~*~*~ (stealth).
   274 | D:1      | 274 ||| Stepping ~*~*~tactically~*~*~ (stealth).
   279 | D:1      | 279 ||| INVOKING Berserk.
   281 | D:1      | Reached XP level 2. HP: 15/26 MP: 1/1
   287 | D:1      | HP: 5/26 [kobold/+0 whip (3)]
   713 | D:1      | 713 ||| Stepping ~*~*~tactically~*~*~ (stealth).
   716 | D:1      | 716 ||| Stepping ~*~*~tactically~*~*~ (stealth).
   717 | D:1      | Reached skill level 5 in Axes
   721 | D:1      | 721 ||| Stepping ~*~*~tactically~*~*~ (stealth).
   786 | D:1      | Reached XP level 3. HP: 31/31 MP: 2/2
   873 | D:1      | 873 ||| Stepping ~*~*~tactically~*~*~ (stealth).
  1384 | D:1      | 1384 ||| UPGRADING to +4 ring of protection.
  1385 | D:1      | 1385 ||| READING scroll labelled TYLLAX GEXIL.
  1386 | D:1      | 1386 ||| READING scroll labelled QORUUNKOAPA.
  1487 | D:1      | 1487 ||| READING 2 scrolls labelled IMULLU HUFIPH.
  1488 | D:1      | 1488 ||| READING scroll labelled HUJIPO BUHA.
  1489 | D:1      | 1489 ||| READING scroll labelled BIFOEPLUCLU.
  1490 | D:1      | 1490 ||| READING 2 scrolls labelled GEDE UMUTUENI.
  1491 | D:1      | 1491 ||| DROPPING scroll of blinking.
  1511 | D:2      | 1511 ||| Stepping ~*~*~tactically~*~*~ (stealth).
  1519 | D:2      | 1519 ||| Stepping ~*~*~tactically~*~*~ (stealth).
  1522 | D:2      | 1522 ||| Stepping ~*~*~tactically~*~*~ (hiding).
  1652 | D:2      | Reached ** piety under Trog
  1684 | D:2      | Reached skill level 6 in Axes
  1684 | D:2      | Reached XP level 4. HP: 33/39 MP: 3/3
  1937 | D:2      | 1937 ||| Stepping ~*~*~tactically~*~*~ (stealth).
  1950 | D:2      | 1950 ||| Stepping ~*~*~tactically~*~*~ (stealth).
  2212 | D:2      | 2212 ||| Stepping ~*~*~tactically~*~*~ (stealth).
  2326 | D:2      | Noticed Sigmund
  2328 | D:2      | 2328 ||| INVOKING Berserk.
  2332 | D:2      | Killed Sigmund
  2333 | D:2      | Reached skill level 8 in Axes
  2333 | D:2      | Reached XP level 5. HP: 45/45 MP: 4/4
  2333 | D:2      | Reached XP level 6. HP: 51/51 MP: 5/5
  2576 | D:2      | 2576 ||| Stepping ~*~*~tactically~*~*~ (stealth).
  2707 | D:2      | Found a runed translucent door.
  2708 | D:2      | Noticed Crazy Yiuf
  2811 | D:2      | 2811 ||| UPGRADING to +0 ring mail.
  2821 | D:2      | 2821 ||| DROPPING +0 animal skin.
  2822 | D:2      | 2822 ||| UPGRADING to ring of see invisible.
  2823 | D:2      | 2823 ||| READING 2 scrolls labelled HETYTO LITECWE.
  2824 | D:2      | 2824 ||| READING scroll of enchant weapon.
  2824 | D:2      | 2824 ||| ENCHANTING +1 hand axe.
  2825 | D:2      | 2825 ||| READING 2 scrolls labelled FIZXOS HESERI.
  3129 | D:3      | Reached *** piety under Trog
  3193 | D:3      | Found a faded altar of an unknown god.
  3489 | D:3      | 3489 ||| UPGRADING to +0 scale mail.
  3499 | D:3      | 3499 ||| UPGRADING to +0 kite shield.
  3504 | D:3      | 3504 ||| DROPPING +0 ring mail.
  3505 | D:3      | 3505 ||| UPGRADING to +0 chain mail.
  3515 | D:3      | 3515 ||| DROPPING +0 scale mail.
  3516 | D:3      | 3516 ||| DRINKING 2 black potions.
  3562 | D:4      | You fall into a shaft and drop 2 floors!
  3589 | D:6      | Reached skill level 1 in Shields
  3594 | D:6      | 3594 ||| Stepping ~*~*~tactically~*~*~ (stealth).
  3597 | D:6      | 3597 ||| INVOKING Berserk.
  3601 | D:6      | Reached skill level 3 in Shields
  3601 | D:6      | Noticed an ice beast
  3602 | D:6      | Noticed an orc warrior
  3609 | D:6      | HP: 3/52 [orc warrior/+0 trident (12)]
  3609 | D:6      | Killed from afar by an orc priest

Levels and vault maps discovered:
D:1:      saegor_arrival_simple_b, layout_rooms, minmay_vboxes
D:2:      minmay_chambers_of_twos, layout_basic, grunt_decor_cap,
          uniq_crazy_yiuf_cottage, uniq_sigmund
D:3:      minmay_roachtagon, layout_basic, basic_ecumenical_altar
D:4:      minmay_octagon_keep, layout_cave_pools, nzn_wu_jian_council_hall,
          makhleb_heckhound_becter, mainiacjoe_overflow_swirl,
          minmay_temple_entry_trees, uniq_menkaure
D:6:      layout_cave_pools, nicolae_qazlal_eye_of_the_storm, uniq_pikel

Skill      XL: |  1  2  3  4  5  6 |
---------------+-------------------+-----
Axes           | 4 5 6 8 |  8.3
Fighting       | 4 |  4.0
Shields        | 3 |  3.5
Armour         | |  2.4
Dodging        | |  2.1

Action                   |  1- 3 |  4- 6 || total
-------------------------+-------+-------++-------
Melee: Hand axe          |    89 |   114 ||   203
       Headbutt          |    12 |    16 ||    28
       Punch             |       |     1 ||     1
Throw: Boomerang         |       |     4 ||     4
Invok: Berserk           |     2 |     2 ||     4
  Use: Scroll            |     6 |     3 ||     9
       Potion            |       |     1 ||     1
Armor: Animal skin       |    11 |    14 ||    25
       Ring mail         |       |     6 ||     6
       Chain mail        |       |     3 ||     3
Dodge: Dodged            |    40 |    47 ||    87
Block: Kite shield       |       |     4 ||     4

Table legend:
 A = Non-vault XP
 B = Vault XP
 C = Vault XP percentage of total XP
 D = Non-vault monster count
 E = Vault monster count
 F = Vault count percentage of total count
                 A         B        C        D         E       F
            +---------+---------+-------+---------+---------+-------
      Total |     378 |     279 |  42.5 |      66 |      25 |  27.5
            +---------+---------+-------+---------+---------+-------
        D:1 |      49 |       9 |  15.5 |      25 |       6 |  19.4
        D:2 |      98 |     250 |  71.8 |      27 |       9 |  25.0
        D:3 |      32 |      20 |  38.5 |      10 |      10 |  50.0
        D:6 |     199 |       0 |   0.0 |       4 |       0 |   0.0
            +---------+---------+-------+---------+---------+-------
